 Dungeon Crawl Stone Soup version 0.18.1-48-g4cf74bf (webtiles) character file.

1954 Galewin the Cleaver (level 8, -6/64 HPs)
             Began as a Minotaur Berserker on July 30, 2016.
             Was an Elder of Trog.
             Killed by divine providence
             ... invoked by an orc priest
              (10 damage)
             ... on level 7 of the Dungeon.
             The game lasted 00:09:15 (3635 turns).

Galewin the Cleaver (Minotaur Berserker)            Turns: 3635, Time: 00:09:15

Health: -6/64      AC: 12    Str: 25    XL:     8   Next: 99%
Magic:  7/7        EV:  3    Int:  4    God:    Trog [****..]
Gold:   593        SH:  0    Dex:  9    Spells: 0 memorised, 7 levels left

rFire  . . .     SeeInvis +     p - +0 war axe
rCold  . . .     Gourm    .     q - +0 chain mail
rNeg   . . .     Faith    .     (no shield)
rPois  .         Spirit   .     (helmet restricted)
rElec  .         Dismiss  .     y - +0 cloak
rCorr  .         Reflect  .     o - +0 pair of gloves
SustAt .         Harm     .     i - +0 pair of boots
MR     .....                    (no amulet)
Stlth  ..........               (no ring)
                                B - ring of see invisible

@: exhausted, very slightly contaminated, slowed, very slow, not resistant to
hostile enchantments, extremely unstealthy
A: retaliatory headbutt, horns 2
a: Berserk, Trog's Hand, Brothers in Arms, Burn Spellbooks, Renounce Religion


You were on level 7 of the Dungeon.
You worshipped Trog.
Trog was greatly pleased with you.
You were very hungry.

You visited 1 branch of the dungeon, and saw 7 of its levels.
You also visited: Ossuary.

You collected 593 gold pieces.

Inventory:

Hand Weapons
 p - a +0 war axe (weapon)
Armour
 i - a +0 pair of boots (worn)
 o - a +0 pair of gloves (worn)
 q - a +0 chain mail (worn)
 y - a +0 cloak (worn)
Jewellery
 B - a ring of see invisible (left hand)
 M - an uncursed ring of stealth {unknown}
Wands
 s - a wand of paralysis (9/24)
 w - a wand of iceblast (10/15)
 x - a wand of lightning (8/15)
Scrolls
 a - a scroll of random uselessness {unknown}
 d - a scroll of teleportation {unknown}
 g - 3 scrolls of remove curse
 j - 2 scrolls of enchant weapon
 k - 2 scrolls of immolation
 l - a scroll of blinking
 r - 4 scrolls of identify
 t - 3 scrolls of magic mapping
 u - a scroll of recharging {unknown}
 v - a scroll of amnesia {unknown}
 G - a scroll of enchant armour {unknown}
 H - a scroll of fear {unknown}
 J - 2 scrolls of vulnerability {unknown}
 N - a scroll of fog {unknown}
Potions
 b - 4 potions of lignification {unknown}
 e - 4 potions of curing {unknown}
 m - a potion of degeneration {unknown}
 n - a potion of magic {unknown}
 z - 4 potions of mutation {unknown}
 A - 3 potions of flight {unknown}
 C - a potion of ambrosia {unknown}
 D - a potion of might {unknown}
 E - a potion of brilliance {unknown}
 F - a potion of heal wounds {unknown}
 I - a potion of haste {unknown}
Comestibles
 c - a bread ration
 f - 3 meat rations
 h - 2 beef jerkies
 K - 6 chunks of flesh
 L - a fruit


   Skills:
 - Level 3.6 Fighting
 + Level 13.8 Axes
 - Level 2.4 Armour
 - Level 2.1 Dodging


You had 7 spell levels left.
You didn't know any spells.

Dungeon Overview and Level Annotations

Branches:
Dungeon (7/15)             Temple (0/1) D:4

Altars:
Makhleb
Ru
Sif Muna
Vehumet
Zin
The Shining One

Shops:
D:4 !*!


Innate Abilities, Weirdness & Mutations

You reflexively headbutt those who attack you in melee.
You have a pair of horns on your head.


Message History

The puff of flame hits the orc wizard.
The orc wizard casts a spell at you. The magic dart hits you!
The orc wizard casts a spell at you.
The puff of flame hits the orc wizard.
The orc wizard explodes!
The fiery explosion engulfs the orc wizard.
The orc wizard explodes!
Trog accepts your kill.
Trog appreciates your killing of a magic user.
You can now call in reinforcements.
The orc wizard casts a cantrip, but nothing happens.
You climb downwards.
A wasp, 2 orcs, an orc priest and a skeleton come into view.
The orc shouts! x2; The orc priest shouts!
Found 21 stones.
Found a stone staircase leading down.
There is a stone staircase leading up here.
The orc priest calls down the wrath of Beogh upon you.
Beogh smites you!
You die...

# ##.
####### o.
.....#. o#
###....#.#
....y....#
#..o.@.#
##.#...#
#.....
..Z(...#
.>...####
...#..#
#..###..
#.. ..


You could see a wasp, an orc priest, 2 orcs and a centaur skeleton.

Vanquished Creatures
  The ghost of WarriorsX the Fighter, a novice HuFi (D:5)
  Duvessa (D:5)
  2 ice beasts
  An orc warrior (D:6)
  A phantom (D:6)
  An ogre (D:4)
  Blork the orc (D:5)
  A giant frog (D:6)
  Dowan (D:5)
  2 scorpions
  4 crimson imps
  5 orc wizards
  An orc priest (D:4)
  3 giant frog skeletons
  A worker ant (D:4)
  9 mummies
  6 adders
  2 oozes
  4 worms
  A dart slug (D:1)
  4 giant geckos
  5 orcs
  7 giant cockroaches
  9 hobgoblins
  11 jackals
  A ball python (D:5)
  A ball python skeleton (D:6)
  6 bats
  5 giant newts
  2 gnoll zombies (Ossuary)
  8 goblins
  A goblin zombie (D:5)
  4 hobgoblin zombies
  A jackal skeleton (D:4)
  5 kobolds
  2 kobold zombies (Ossuary)
  An orc zombie (Ossuary)
  6 rats
127 creatures vanquished.

Vanquished Creatures (others)
  An orc wizard (D:6)
1 creature vanquished.

Grand Total: 128 creatures vanquished

Notes
Turn   | Place    | Note
--------------------------------------------------------------
     0 | D:1      | Galewin the Minotaur Berserker began the quest for the Orb.
     0 | D:1      | Reached XP level 1. HP: 19/19 MP: 0/0
   116 | D:1      | Reached skill level 4 in Axes
   141 | D:1      | Reached XP level 2. HP: 15/26 MP: 1/1
   380 | D:1      | Reached skill level 5 in Axes
   548 | D:2      | Reached XP level 3. HP: 29/31 MP: 2/2
   578 | D:2      | Reached ** piety under Trog
   822 | D:2      | Found a burning altar of Makhleb.
  1038 | D:2      | Reached XP level 4. HP: 39/39 MP: 3/3
  1071 | D:2      | Reached skill level 6 in Axes
  1085 | D:2      | Found a sacrificial altar of Ru.
  1548 | D:3      | Found a glowing silver altar of Zin.
  1725 | D:4      | Reached skill level 7 in Axes
  1725 | D:4      | Reached XP level 5. HP: 37/45 MP: 4/4
  1772 | D:4      | Found Padakk's Distillery.
  1845 | D:4      | Found Diongin's General Store.
  1860 | D:4      | Reached *** piety under Trog
  1864 | D:4      | Reached skill level 8 in Axes
  1902 | D:4      | Found a staircase to the Ecumenical Temple.
  1934 | D:4      | Reached XP level 6. HP: 48/51 MP: 5/5
  1941 | D:4      | Found Kuqiog's Distillery.
  2441 | D:4      | Found a radiant altar of Vehumet.
  2520 | D:5      | Entered Level 5 of the Dungeon
  2554 | D:5      | Noticed Duvessa
  2554 | D:5      | Noticed Dowan
  2564 | D:5      | Killed Duvessa
  2564 | D:5      | Reached skill level 9 in Axes
  2566 | D:5      | Killed Dowan
  2566 | D:5      | Reached XP level 7. HP: 45/57 MP: 6/6
  2642 | D:5      | Found a sand-covered staircase.
  2649 | Ossuary  | Entered an ossuary
  2669 | Ossuary  | Reached skill level 10 in Axes
  2927 | D:5      | Noticed WarriorsX's ghost (novice HuFi)
  2936 | D:5      | Killed WarriorsX's ghost
  2936 | D:5      | Reached skill level 12 in Axes
  2936 | D:5      | Reached XP level 8. HP: 38/64 MP: 7/7
  3097 | D:5      | Noticed Blork the orc
  3108 | D:5      | Killed Blork the orc
  3221 | D:5      | Found a glowing golden altar of the Shining One.
  3504 | D:6      | Reached skill level 13 in Axes
  3616 | D:6      | Found a deep blue altar of Sif Muna.
  3631 | D:6      | HP: 3/64 [orc wizard/magic dart (6)]
  3633 | D:6      | Reached **** piety under Trog
  3635 | D:7      | Killed from afar by an orc priest

Skill      XL: |  1  2  3  4  5  6  7  8 |
---------------+-------------------------+-----
Axes           | 4 5 7 8 9 12 13 | 13.8
Fighting       | |  3.6
Armour         | |  2.4
Dodging        | |  2.1

Action                   |  1- 3 |  4- 6 |  7- 9 || total
-------------------------+-------+-------+-------++-------
Melee: Hand axe          |    70 |       |       ||    70
       Headbutt          |    10 |    16 |    24 ||    50
       War axe           |    27 |    87 |   124 ||   238
Invok: Berserk           |     1 |       |     5 ||     6
       Trog's Hand       |       |       |     1 ||     1
  Use: Scroll            |     1 |       |     5 ||     6
  Eat: Chunk             |     2 |     3 |     3 ||     8
       Bread ration      |       |       |     1 ||     1
       Pizza             |       |       |     1 ||     1
Armor: Scale mail        |    40 |    29 |       ||    69
       Chain mail        |       |    35 |    54 ||    89
Dodge: Dodged            |    51 |    56 |    34 ||   141
